 Dungeon Crawl Stone Soup version 0.29.1-2-gbd0b4ee654 (webtiles) character file.

Game seed: 14362460198613779549

2 Firos the Conjurer (level 1, -8/10 HPs)
             Began as a Deep Elf Conjurer on Nov 15, 2022.
             Mangled by a gnoll
             ... wielding a +0 flail
              (10 damage)
             ... on level 1 of the Dungeon.
             The game lasted 00:00:11 (212 turns).

Firos the Conjurer (Deep Elf Conjurer)               Turns: 212, Time: 00:00:11

Health: -8/10      AC:  2    Str:  4    XL:     1   Next: 33%
Magic:  3/6        EV: 12    Int: 22    God:
Gold:   29         SH:  0    Dex: 13    Spells: 5/6 levels left

rFire   . . .      SeeInvis .   (no weapon)
rCold   . . .      Faith    .   (no shield)
rNeg    . . .      Spirit   .   a - +0 robe
rPois   .          Reflect  .   (no helmet)
rElec   .          Harm     .   (no cloak)
rCorr   .          Rampage  .   (no gloves)
Will    .....                   (no boots)
Stlth   ++........              (no amulet)
HPRegen 0.03/turn               (no ring)
MPRegen 0.10/turn               (no ring)

@: no status effects
A: no striking features
a: no special abilities


You were on level 1 of the Dungeon.
You visited 1 branch of the dungeon, and saw 1 of its levels.

You collected 29 gold pieces.

Inventory:

Armour
 a - a +0 robe (worn)
Potions
 b - a potion of magic


   Skills:
 - Level 2.4 Dodging
 - Level 2.4 Stealth
 + Level 3.1 Spellcasting
 * Level 4.5 Conjurations


You had 5 spell levels left.
You knew the following spells:

 Your Spells              Type           Power      Damage    Failure   Level
a - Magic Dart            Conj           92%        1d7       1%          1

Your spell library contained the following spells:

 Spells                   Type           Power      Damage    Failure   Level
 Searing Ray              Conj           46%        2d6       3%          2
 Dazzling Flash           Conj/Hex       26%        N/A       14%         3
 Fulminant Prism          Conj/Hex       6%         3d7       43%         4
 Iskenderun's Mystic Bla  Conj/Tloc      13%        2d5       43%         4


Dungeon Overview and Level Annotations

Branches:
Dungeon (1/15)

Altars:


Message History

An endoplasm is nearby!
The magic dart hits the endoplasm.
You kill the endoplasm!
You can't see any susceptible monsters within range! (Use Z to cast anyway.)
You open the door.
There is an open door here.
As you open the door, it creaks loudly!
You can't see any susceptible monsters within range! (Use Z to cast anyway.)
There is an open door here.
Found a hand axe.
You can't see any susceptible monsters within range! (Use Z to cast anyway.)
You now have 29 gold pieces (gained 18).
Found a robe.
You can't see any susceptible monsters within range! (Use Z to cast anyway.)
Found a stone staircase leading down.
You can't see any susceptible monsters within range! (Use Z to cast anyway.)
Found a stone staircase leading down.
You can't see any susceptible monsters within range! (Use Z to cast anyway.)
There is a stone staircase leading down here.
A hobgoblin and a gnoll come into view.
Found a runed orb.
The gnoll shouts!
You hear a shout! x2
A goblin comes into view. It is wielding a +0 dagger.
A kobold comes into view. It is wielding a +0 dagger.
The magic dart hits the gnoll but does no damage.
The hobgoblin shouts!
There are monsters nearby!
The magic dart hits the gnoll.
The gnoll is lightly wounded.
There are monsters nearby!
The magic dart hits the gnoll.
The gnoll is moderately wounded.
The gnoll hits you with a +0 flail!
Ouch! That really hurt!
* * * LOW HITPOINT WARNING * * *
There are monsters nearby!
Unknown command.
The gnoll attacks as you move away! The gnoll hits you with a +0 flail!
Ouch! That really hurt!
You die...

#.....######.....
#.......######...
#.###........)...
##.#####.##.......
#..##.............
#..##.##.#......#.
#..##.##.#......#.
#...........#.#.#.
#@###.##........#.
...g.gg.....##...######.
........#####..###...###
.....#### #.##........
[...# #.#.......). ...#
#.#......... ##.
#.#....(.... #
##.......# ###....##


You could see a gnoll, a hobgoblin and a goblin.

Vanquished Creatures
  A bat (D:1)
  An endoplasm (D:1)
2 creatures vanquished.

Notes
Turn   | Place    | Note
-------+----------+-------------------------------------------
     0 | D:1      | Firos the Deep Elf Conjurer began the quest for the Orb.
     0 | D:1      | Reached XP level 1. HP: 10/10 MP: 6/6
   212 | D:1      | Mangled by a gnoll

Illustrated notes

Levels and vault maps discovered:
D:1:      dpeg_arrival_three_smaller_balls, layout_loops_ring,
          dreamdust_ecumenical_altar_statues

Action                   || total
-------------------------++-------
 Cast: Magic Dart        ||     6
